 Dungeon Crawl Stone Soup version 0.28-a0-998-gb9e9c7b67e (webtiles) character file.

Game seed: 16923871725456009166

269 ytrimaz the Insei (level 6, 0/38 HPs)
             Began as an Octopode Transmuter on Dec 6, 2021.
             Was an Initiate of Gozag.
             Constricted to death by a ball python (1 damage)
             ... on level 4 of the Dungeon.
             The game lasted 00:04:20 (3823 turns).

ytrimaz the Insei (Octopode Transmuter)             Turns: 3823, Time: 00:04:21

Health: 0/38       AC:  1    Str:  9    XL:     6   Next: 22%
Magic:  10/10      EV: 10    Int: 17    God:    Gozag
Gold:   204        SH:  0    Dex: 13    Spells: 7/11 levels left

rFire   . . .      SeeInvis .     - Unarmed
rCold   . . .      Faith    .   (no shield)
rNeg    . . .      Spirit   .   (helmet restricted)
rPois   .          Reflect  .   (no amulet)
rElec   .          Harm     .   b - ring of willpower
rCorr   .          Rampage  .   f - ring of flight
Will    +....                   (no ring)
Stlth   ++........              (no ring)
HPRegen 0.12/turn               (no ring)
MPRegen 0.12/turn               (no ring)
                                (no ring)
                                (no ring)

@: flying, constricted
A: almost no armour, amphibious, 8 rings, camouflage 1, gelatinous body 1,
(nimble swimmer 1), tentacles
a: Renounce Religion, Potion Petition, Call Merchant, Bribe Branch


You were on level 4 of the Dungeon.
You worshipped Gozag.
Gozag was aware of your devotion.
You visited 1 branch of the dungeon, and saw 4 of its levels.

You collected 204 gold pieces.

Inventory:

Jewellery
 b - a ring of willpower (left tentacle)
 f - a ring of flight (right tentacle)
Scrolls
 c - 2 scrolls of identify
 g - a scroll of blinking
 h - a scroll of noise


   Skills:
 - Level 1.0 Fighting
 - Level 2.0 Dodging
 + Level 5.6 Unarmed Combat
 + Level 3.1 Spellcasting
 + Level 3.1 Transmutations


You had 7 spell levels left.
You knew the following spells:

 Your Spells              Type           Power      Damage    Failure   Level
a - Beastly Appendage     Tmut           26%        N/A       4%          1
b - Spider Form           Tmut/Pois      8%         N/A       26%         3

Your spell library contained the following spells:

 Spells                   Type           Power      Damage    Failure   Level
 Wereblood                Tmut           13%        N/A       7%          2
 Sublimation of Blood     Necr           2%         N/A       26%         2
 Ice Form                 Ice/Tmut       8%         N/A       65%         4
 Summon Hydra             Summ           1%         N/A       100%        7


Dungeon Overview and Level Annotations

Branches:
Dungeon (4/15)
 Temple: D:4-7

Altars:
Dithmenos
Gozag


Innate Abilities, Weirdness & Mutations

You cannot wear most types of armour.
You are amphibious.
You can wear up to eight rings at the same time.
Your skin changes colour to match your surroundings (Stealth+).
Your rubbery body absorbs attacks. (AC +1, EV +1)
((You are camouflaged near water. (Stealth+)))
You have tentacles for arms and can constrict up to eight enemies at once.


Message History

You tentacle-slap the orc priest but do no damage.
You squeeze the orc priest.
The orc priest is almost dead.
You constrict the orc priest.
You kill the orc priest!
Unknown command.
Unknown command.
The ball python closely misses you. The ball python grabs you.
The ball python constricts you.
* * * LOW HITPOINT WARNING * * *
You see here 16 gold pieces.
Unknown command.
You escape the ball python's grasp.
Found an escape hatch in the ceiling.
You are no longer corroded.
A kobold comes into view. It is wielding a +0 short sword.
The ball python barely misses you. The ball python misses you.
Found a stone staircase leading down.
There is an escape hatch in the ceiling here.
Unknown command.
The ball python misses you. The ball python grabs you.
You stop ascending the stairs.
The ball python constricts you.
* * * LOW HITPOINT WARNING * * *
Unknown command.
Unknown command.
Unknown command.
You escape the ball python's grasp.
You hear the rusting of a very distant drain.
Found 20 stones.
There is a stone staircase leading down here.
The ball python closely misses you. x2; The ball python barely misses you.
The ball python grabs you. The ball python constricts you.
* * * LOW HITPOINT WARNING * * *
You escape the ball python's grasp.
Found 13 arrows.
The ball python bites you.
* * * LOW HITPOINT WARNING * * *
The ball python grabs you. The ball python constricts you.
You die...
Your body crumbles into a pile of gold.

### #.# # #.. ##.#
.# #..##..####.###
..#
#......>...(..##..
......#.###.#.#.#
##.##.#.# ##o..#
#.##.#o# ##.##
#.##K#.# #S##
##.##.#J# #.@#
###.J.o.<.# ##(#
....####### #.#
##### #.# ... ..#
..# #..#


You could see an orc and a ball python.

Vanquished Creatures
  A jelly (D:4)
  2 orc priests
  An iguana (D:3)
  5 adders
  2 adder skeletons (D:4)
  3 worms
  3 dart slugs
  7 orcs
  9 endoplasms
  2 giant cockroaches
  6 goblins
  6 hobgoblins
  3 jackals (D:2)
  5 kobolds
  3 quokkas
  10 ball pythons
  5 bats
  5 frilled lizards
  8 rats
86 creatures vanquished.

Notes
Turn   | Place    | Note
-------+----------+-------------------------------------------
     0 | D:1      | ytrimaz the Octopode Transmuter began the quest for the
                  | Orb.
     0 | D:1      | Reached XP level 1. HP: 13/13 MP: 3/3
   332 | D:1      | Reached XP level 2. HP: 12/18 MP: 5/5
  1248 | D:2      | Reached XP level 3. HP: 17/23 MP: 6/6
  2032 | D:2      | Reached skill level 4 in Unarmed Combat
  2252 | D:3      | Reached XP level 4. HP: 27/28 MP: 7/7
  2795 | D:2      | Reached XP level 5. HP: 28/33 MP: 7/9
  2799 | D:2      | Learned a level 3 spell: Spider Form
  3162 | D:3      | Found a faded altar of an unknown god.
  3169 | D:3      | Prayed at the altar of an unknown god.
  3169 | D:3      | Became a worshipper of Gozag Ym Sagoz the Greedy
  3228 | D:3      | Reached skill level 5 in Unarmed Combat
  3648 | D:4      | Found a shadowy altar of Dithmenos.
  3785 | D:4      | Reached XP level 6. HP: 8/38 MP: 7/10
  3823 | D:4      | HP: 1/38 [ball python (2)]
  3823 | D:4      | Constricted to death by a ball python

Illustrated notes

Levels and vault maps discovered:
D:1:      scummos_arrival_forest, layout_rooms, serial_park_tiny_1
D:2:      layout_rooms, minmay_3d_cube
D:3:      minmay_octagon_keep, layout_loops_ring, basic_ecumenical_altar,
          minivault_23, fountainhead
D:4:      layout_loops_ring, nicolae_dithmenos_shadow_blocks,
          cheibrodos_sewer_entry_bend, chequers_serial_rivers_room_b

Skill      XL: |  1  2  3  4  5 |
---------------+----------------+-----
Unarmed Combat | 4 5 |  5.6
Transmutations | 3 |  3.1
Spellcasting   | 3 |  3.1
Fighting       | |  1.0
Dodging        | |  2.0

Action                   |  1- 3 |  4- 6 || total
-------------------------+-------+-------++-------
Melee: Unarmed           |    87 |    95 ||   182
       Constrict         |    24 |    17 ||    41
       Tentacles         |    11 |    13 ||    24
       Kick              |    13 |     4 ||    17
       Punch             |       |     3 ||     3
 Cast: Beastly Appendage |    21 |     6 ||    27
       Spider Form       |       |     2 ||     2
  Use: Scroll            |     6 |     1 ||     7
       Potion            |     4 |     1 ||     5
 Stab: Sleeping          |     9 |     4 ||    13
Armor: Skin              |     9 |     3 ||    12
Dodge: Dodged            |    60 |    58 ||   118

Table legend: (Time is in decaauts)
 A = Elapsed time spent in this place.
 B = Non-inter-level travel time spent in this place.
 C = Inter-level travel time spent in this place.
 D = Time resting spent in this place.
 E = Time spent auto-exploring this place.
 F = Levels seen in this place.
 G = Mean time per level.
                   A        B        C        D        E       F      G
               +--------+--------+--------+--------+--------+-----+--------+
         Total |   3787 |   3673 |    114 |    670 |   2254 |   4 |  946.8 |
       Dungeon |   3787 |   3673 |    114 |    670 |   2254 |   4 |  946.8 |
               +--------+--------+--------+--------+--------+-----+--------+

Top non-repeatable levels by time:
     D:1: 1236 daAuts
     D:3: 1223 daAuts
     D:2: 1113 daAuts
     D:4: 213 daAuts
